 Dungeon Crawl Stone Soup version 0.19.5 (webtiles) character file.

193 Nelagord the Ducker (level 5, 0/40 (42) HPs)
             Began as a Demonspawn Gladiator on Mar 16, 2017.
             Succumbed to raikaria's ghost's sting
             ... in a sewer.
             The game lasted 00:06:50 (1621 turns).

Nelagord the Ducker (Demonspawn Gladiator)          Turns: 1621, Time: 00:06:51

HP:   0/40 (42)     AC:  4    Str: 14 (15) XL:     5   Next: 43%
MP:   5/5           EV: 14    Int:  9      God:
Gold: 99            SH:  0    Dex: 15      Spells: 0 memorised, 4 levels left

rFire  . . .     SeeInvis .     a - +0 long sword
rCold  . . .     Gourm    .     b - +0 leather armour
rNeg   . . .     Faith    .     (no shield)
rPois  .         Spirit   .     c - +0 helmet
rElec  .         Reflect  .     (no cloak)
rCorr  .         Harm     .     (no gloves)
MR     .....                    (no boots)
Stlth  +.........               (no amulet)
                                (no ring)
                                (no ring)

@: lethally poisoned (0 -> -9)
A: demonic guardian 1, spiny 1, sturdy frame 1
a: no special abilities


You were in a sewer.
You were not hungry.

You visited 1 branch of the dungeon, and saw 3 of its levels.
You also visited: Sewer.

You collected 99 gold pieces.

Inventory:

Hand Weapons
 a - a +0 long sword (weapon)
 m - a +0 dagger
Missiles
 d - 3 throwing nets (quivered)
Armour
 b - a +0 leather armour (worn)
 c - a +0 helmet (worn)
 j - a +1 robe of fire resistance
Jewellery
 p - a cursed ring of teleportation {unknown}
Wands
 l - a wand of digging (4/24)
Scrolls
 h - 3 scrolls of remove curse
 i - a scroll of random uselessness {unknown}
Potions
 e - a potion of cure mutation
Comestibles
 f - 3 bread rations
 g - a slice of pizza
 k - a beef jerky


   Skills:
 * Level 4.0 Fighting
 + Level 3.5 Long Blades
 - Level 1.7 Throwing
 * Level 4.0 Dodging


You had 4 spell levels left.
You didn't know any spells.

Dungeon Overview and Level Annotations

Branches:
Dungeon (3/15)

Altars:
Ashenzari
Elyvilon
Yredelemnul

Annotations:
Sewer raikaria's ghost, weakling DrVM


Innate Abilities, Weirdness & Mutations

A weak demonic guardian rushes to your aid.
You are partially covered in sharp spines.
Your movements are slightly less encumbered by armour. (ER -2)


Message History

You are more poisoned.
* * * LOW HITPOINT WARNING * * *
Your quasit closely misses raikaria's ghost. x2
Your quasit claws raikaria's ghost.
* * * LOW HITPOINT WARNING * * *
You feel sick. Something barely misses your quasit.
Your quasit bites raikaria's ghost but does no damage.
Your quasit claws raikaria's ghost but does no damage.
Your quasit closely misses raikaria's ghost.
Raikaria's ghost hits your quasit.
Your iron imp hits raikaria's ghost.
You enter the shallow water.
Moving in this stuff is going to be slow.
* * * LOW HITPOINT WARNING * * *
You feel sick. Something bites your quasit!
Your quasit dies!
Raikaria's ghost casts a spell at you. The sting hits you!
You are more poisoned.
* * * LOW HITPOINT WARNING * * *
You die...

### #≈# ######≈#
######## #...##≈##
###.≈..≈.###
#.∩.#.≈.#
###.≈....W5..#
#.∩...≈.#
###.≈≈@≈####≈5...#
#.....≈.###.≈.≈.###
###t≈...#
#####.†≈≈......##
#..≈.≈.
#..)..≈.###....≈#
.≈≈.## #.....≈.#
###...≈.# ..##≈!
#...#.≈.# ###...≈.
## ) #...##≈##
##.... ##.###≈#
#### #..##≈#


You could see raikaria's ghost and a friendly iron imp.

Vanquished Creatures
  A necrophage (D:3)
  Jessica (D:2)
  2 river rats (D:3)
  An ooze (D:2)
  A worm (D:2)
  3 leopard geckos
  An orc (D:3)
  3 ball pythons
  4 giant cockroaches
  6 hobgoblins
  5 jackals
  8 kobolds
  7 bats
  2 frilled lizards (D:2)
  5 goblins
  5 rats
55 creatures vanquished.

Notes
Turn   | Place    | Note
-------+----------+-------------------------------------------
     0 | D:1      | Nelagord the Demonspawn Gladiator began the quest for the Orb.
     0 | D:1      | Reached XP level 1. HP: 16/16 MP: 1/1
   137 | D:1      | Gained mutation: You are partially covered in sharp spines. [demonic ancestry]
   137 | D:1      | Reached XP level 2. HP: 7/22 MP: 2/2
   774 | D:2      | Noticed Jessica
   778 | D:2      | Killed Jessica
   778 | D:2      | Gained mutation: Your movements are slightly less encumbered by armour. (ER -2) [demonic ancestry]
   778 | D:2      | Reached XP level 3. HP: 28/28 MP: 3/3
   911 | D:2      | Found a shattered altar of Ashenzari.
  1157 | D:2      | Found a white marble altar of Elyvilon.
  1209 | D:2      | Found a basalt altar of Yredelemnul.
  1270 | D:3      | Reached XP level 4. HP: 27/35 MP: 4/4
  1310 | D:3      | Noticed a necrophage
  1322 | D:3      | Killed a necrophage
  1322 | D:3      | Gained mutation: A weak demonic guardian rushes to your aid. [demonic ancestry]
  1322 | D:3      | Reached XP level 5. HP: 14/40 MP: 5/5
  1541 | D:3      | Found a glowing drain.
  1547 | Sewer    | Entered a sewer
  1597 | Sewer    | Noticed raikaria's ghost (weakling DrVM)
  1612 | Sewer    | Noticed a crocodile
  1620 | Sewer    | HP: 2/40 [raikaria's ghost/sting (4)]
  1621 | Sewer    | Succumbed to raikaria's ghost's sting

Skill      XL: |  1  2  3  4  5 |
---------------+----------------+-----
Long Blades    | 3 |  3.5
Dodging        | 3 4 |  4.0
Fighting       | 3 4 |  4.0
Throwing       | |  1.7

Action                   |  1- 3 |  4- 6 || total
-------------------------+-------+-------++-------
Melee: Long sword        |    64 |    47 ||   111
  Use: Potion            |     5 |     2 ||     7
       Scroll            |     3 |       ||     3
  Eat: Bread ration      |       |     1 ||     1
Armor: Leather armour    |    31 |     3 ||    34
Dodge: Dodged            |    77 |    25 ||   102
       Rpst.: Long sword |    24 |     6 ||    30
